 Dungeon Crawl Stone Soup version 0.28-a0-586-gbdb9d174a4 (webtiles) character file.

Game seed: 10414079001136907092

5753 KristoblXynda the Covert (level 10, -1/44 HPs)
             Began as a Spriggan Enchanter on Oct 3, 2021.
             Was an Initiate of Ashenzari.
             Killed by divine providence
             ... invoked by an orc priest
              (8 damage)
             ... on level 10 of the Dungeon.
             The game lasted 00:23:53 (13529 turns).

KristoblXynda the Covert (Spriggan Enchanter)      Turns: 13529, Time: 00:23:55

Health: -1/44      AC:  7    Str:  6    XL:     10   Next: 49%
Magic:  13/15      EV: 25    Int: 19    God:    Ashenzari [......]
Gold:   255        SH:  5    Dex: 15    Spells: 5/14 levels left

rFire   . . .      SeeInvis +   s - +1 dagger (flame)
rCold   . . .      Faith    .   (shield restricted)
rNeg    . . .      Spirit   .   z - +2 troll leather armour
rPois   .          Reflect  +   (helmet restricted)
rElec   .          Harm     .   p - +0 cloak
rCorr   .          Rampage  .   (gloves unavailable)
Will    +....                   (boots unavailable)
Stlth   +++++.....              l - amulet of reflection
HPRegen 1.14/turn               f - +4 ring of evasion
MPRegen 0.14/turn               A - ring of wizardry

@: very quick
A: very small, no large weapons, unfitting armour, see invisible, speed 3
a: Renounce Religion, Curse Item


You were on level 10 of the Dungeon.
You worshipped Ashenzari.
Ashenzari was noncommittal.
You visited 2 branches of the dungeon, and saw 11 of its levels.

You collected 512 gold pieces.
You spent 257 gold pieces at shops.

Inventory:

Hand Weapons
 s - a +1 dagger of flaming (weapon)
Missiles
 r - a throwing net (quivered)
Armour
 p - a +0 cloak (worn)
 z - a +2 troll leather armour (worn)
Jewellery
 f - a +4 ring of evasion (left hand)
 l - an amulet of reflection (around neck)
 t - a ring of flight
 A - a ring of wizardry (right hand)
Wands
 n - a wand of iceblast (9)
 C - a wand of digging (7)
Scrolls
 e - 9 scrolls of identify
 h - 2 scrolls of amnesia
 i - 2 scrolls of immolation
 o - 6 scrolls of teleportation
 u - a scroll of fear
 v - a scroll of magic mapping
 x - a scroll of blinking
 y - a scroll of fog
Potions
 a - 2 potions of mutation
 b - 2 potions of haste
 c - a potion of invisibility
 g - 7 potions of curing
 k - a potion of cancellation
 m - a potion of brilliance
 w - a potion of magic


   Skills:
 + Level 5.6 Short Blades
 + Level 3.4 Armour
 + Level 10.1 Dodging
 + Level 12.5 Stealth
 - Level 2.6 Spellcasting
 - Level 4.0 Conjurations
 + Level 9.8 Hexes


You had 5 spell levels left.
You knew the following spells:

 Your Spells              Type           Power      Damage    Failure   Level
a - Ensorcelled Hibernat  Hex/Ice        42%        N/A       1%          2
b - Tukima's Dance        Hex            39%        N/A       1%          3
c - Shock                 Conj/Air       40%        1d5       4%          1
d - Dazzling Flash        Conj/Hex       56%        N/A       1%          3

Your spell library contained the following spells:

 Spells                   Type           Power      Damage    Failure   Level
 Confusing Touch          Hex            39%        N/A       1%          3
 Animate Skeleton         Necr           4%         N/A       10%         1
 Apportation              Tloc           4%         N/A       10%         1
 Beastly Appendage        Tmut           4%         N/A       10%         1
 Summon Small Mammal      Summ           8%         N/A       10%         1
 Wereblood                Tmut           2%         N/A       14%         2
 Spider Form              Tmut/Pois      1%         N/A       26%         3
 Swiftness                Air            2%         N/A       26%         3
 Airstrike                Air            1%         N/A       65%         4
 Simulacrum               Ice/Necr       1%         N/A       100%        6


Dungeon Overview and Level Annotations

Branches:
Dungeon (10/15)            Temple (1/1) D:6            Lair (0/6) D:9
    Orc (0/2) D:10

Altars:
Ashenzari
Cheibriados
Dithmenos
Elyvilon
Fedhas
Hepliaklqana
Kikubaaqudgha
Makhleb
Nemelex Xobeh
Okawaru
Qazlal
Ru
Sif Muna
Trog
Uskayaw
Vehumet
Wu Jian
Xom
Yredelemnul
Zin
The Shining One

Shops:
D:7 *   D:8 [*

Annotations:
D:3 3 runed translucent doors, dricus's ghost, weakling DgAE


Innate Abilities, Weirdness & Mutations

You are very small and have problems with some larger weapons.
You are too small for most types of armour.
You have supernaturally acute eyesight. (SInv)
You cover ground extremely quickly. (Speed+++)


Message History

The troll zombie is severely damaged.
The fiery explosion engulfs the orc zombie!! x2
The fiery explosion engulfs the hobgoblin zombie!!
The hobgoblin zombie explodes!
The fiery explosion engulfs the troll zombie!!!
The troll zombie explodes!
The fiery explosion engulfs the hobgoblin zombie!!
The hobgoblin zombie explodes!
The fiery explosion engulfs the goblin zombie!!
The fiery explosion engulfs the ogre zombie!!!
The fiery explosion engulfs the ogre zombie!!
The ogre zombie explodes!
You feel a bit more experienced.
The ogre zombie explodes!
You feel a bit more experienced.
The goblin zombie explodes!
The orc zombie explodes!
The fiery explosion engulfs the wraith!!!
The wraith explodes!
The fiery explosion engulfs you!!!
Ouch! That really hurt!
* * * LOW HITPOINT WARNING * * *
The orc zombie explodes!
You hear a shout!
You hear a bellow! x2
Unknown command.
Unknown command.
Unknown command.
Unknown command.
You hear a bellow!
You start resting.
An orc priest is nearby!
Casting: Shock (safe; 4% risk of failure)
Confirm with . or Enter, or press ? or * to list all spells.
Aiming: Shock (safe; 4% risk of failure)
Press: ? - help, Shift-Dir - straight line, f - orc priest
Aim: an orc priest, wielding a +0 falchion (68% to hit)
The zap hits the orc priest.
The orc priest is moderately wounded.
The orc priest invokes the aid of Beogh against you.
Beogh smites you!
You die... #...Z.WZ..o... #..8...>Z..8.Y ......oZ....# #..ZZ.ZZY.... #..ZooZZZ.#

#.ZZZ.Z...#
#..Z......# .
#....8.o..#### .#
######...####@.## ..
#.......o)..§...#
#..#.....§§§§#######
##.#.......###
##>........#
.###.......#
..##..........
.........#####
.....#..<#


You could see an orc priest.

Vanquished Creatures
  A centaur zombie (D:10)
  Maggie (D:8)
  A hornet (D:8)
  2 wraiths (D:10)
  A yak (D:10)
  Eustachio (D:5)
  3 wyverns
  3 steam dragons
  Grum (D:8)
  3 water moccasins
  2 orc warriors
  3 black bears
  An ice beast (D:8)
  An ogre (D:4)
  3 wolves (D:8)
  5 centaurs
  6 kobold brigands
  A bullfrog (D:6)
  A gnoll sergeant (D:9)
  A scorpion (D:5)
  A troll zombie (D:10)
  3 killer bees (D:9)
  6 jellies
  A hound (D:5)
  A gnoll shaman (D:4)
  2 orc priests
  2 iguanas
  5 orc wizards
  2 ogre zombies (D:10)
  A howler monkey zombie (D:9)
  8 adders
  13 gnolls
  3 shadow imps
  2 white imps (D:7)
  2 worms
  22 orcs
  12 endoplasms
  3 giant cockroaches
  12 goblins
  6 hobgoblins
  3 quokkas
  11 ball pythons
  5 bats
  5 frilled lizards
  2 goblin zombies (D:10)
  3 hobgoblin zombies (D:10)
  43 kobolds
  2 orc skeletons (D:10)
  2 orc zombies (D:10)
  5 rats
229 creatures vanquished.

Vanquished Creatures (collateral kills)
  An ogre (D:5)
1 creature vanquished.

Vanquished Creatures (others)
  7 fungi (D:2)
  7 toadstools (D:2)
14 creatures vanquished.

Grand Total: 244 creatures vanquished

Notes
Turn   | Place    | Note
-------+----------+-------------------------------------------
     0 | D:1      | KristoblXynda the Spriggan Enchanter began the quest for
                  | the Orb.
     0 | D:1      | Reached XP level 1. HP: 9/9 MP: 5/5
   410 | D:1      | Found a faded altar of an unknown god.
   487 | D:1      | Reached XP level 2. HP: 13/13 MP: 6/6
   543 | D:1      | Learned a level 2 spell: Ensorcelled Hibernation
  1716 | D:2      | Found an ancient bone altar of Kikubaaqudgha.
  1720 | D:2      | Reached skill level 5 in Stealth
  1720 | D:2      | Reached XP level 3. HP: 16/16 MP: 8/8
  2475 | D:2      | Reached XP level 4. HP: 21/21 MP: 9/9
  2503 | D:2      | HP: 1/21 [frozen (3)]
  2970 | D:2      | Reached skill level 6 in Stealth
  2970 | D:2      | Reached XP level 5. HP: 5/24 MP: 7/10
  3614 | D:2      | Reached skill level 5 in Hexes
  3985 | D:3      | Found a radiant altar of Vehumet.
  4315 | D:3      | Found a runed translucent gate.
  4315 | D:3      | Found a runed translucent gate.
  4315 | D:3      | Found a runed translucent gate.
  4316 | D:3      | Noticed dricus's ghost (weakling DgAE)
  4338 | D:3      | Learned a level 3 spell: Tukima's Dance
  4350 | D:3      | Found a shimmering blue altar of Sif Muna.
  4756 | D:3      | Got the Volume of Evil Secrets and Weightlessness
  4992 | D:4      | Noticed a wyvern
  4995 | D:4      | Killed a wyvern
  4996 | D:4      | Reached skill level 5 in Dodging
  4996 | D:4      | Reached XP level 6. HP: 28/28 MP: 11/11
  5048 | D:4      | Reached skill level 7 in Stealth
  5146 | D:4      | Found a bloodstained altar of Trog.
  5203 | D:4      | Reached XP level 7. HP: 32/32 MP: 9/12
  5219 | D:4      | Found a snail-covered altar of Cheibriados.
  5620 | D:4      | Found a blossoming altar of Fedhas.
  5994 | D:5      | Entered Level 5 of the Dungeon
  6188 | D:5      | Reached skill level 8 in Stealth
  6265 | D:5      | Reached skill level 5 in Short Blades
  6605 | D:5      | Learned a level 1 spell: Shock
  6667 | D:5      | Reached XP level 8. HP: 36/36 MP: 5/13
  6869 | D:5      | Learned a level 3 spell: Dazzling Flash
  6909 | D:5      | Noticed Eustachio
  6920 | D:5      | Killed Eustachio
  6921 | D:5      | Reached skill level 1 in Conjurations
  7091 | D:5      | Reached skill level 9 in Stealth
  7476 | D:6      | Found a shadowy altar of Dithmenos.
  7684 | D:6      | Found a staircase to the Ecumenical Temple.
  7766 | Temple   | Entered the Ecumenical Temple
  7812 | Temple   | Became a worshipper of Ashenzari the Shackled
  8145 | D:6      | Reached skill level 10 in Stealth
  8544 | D:7      | Reached XP level 9. HP: 39/39 MP: 14/14
  8942 | D:7      | Reached skill level 1 in Armour
  9147 | D:7      | Found Mealivas's General Store.
  9155 | D:7      | Bought a scroll of immolation for 49 gold pieces
  9216 | D:7      | Found a sparkling altar of Nemelex Xobeh.
  9358 | D:8      | Found Rotuwo Iquh's Armour Emporium.
  9434 | D:8      | Noticed Grum
  9671 | D:8      | Killed Grum
  9675 | D:8      | Reached skill level 11 in Stealth
  9737 | D:8      | Found a hazy altar of Hepliaklqana.
 10316 | D:8      | Noticed Maggie
 10506 | D:8      | Found Poed's Changing Room.
 10529 | D:8      | Bought a potion of mutation for 104 gold pieces
 10529 | D:8      | Bought a potion of mutation for 104 gold pieces
 10929 | D:8      | Found a white marble altar of Elyvilon.
 11015 | D:8      | Killed Maggie
 11269 | D:9      | Reached XP level 10. HP: 38/44 MP: 15/15
 12045 | D:9      | Found a staircase to the Lair.
 12156 | D:9      | Reached skill level 12 in Stealth
 12687 | D:10     | Entered Level 10 of the Dungeon
 13367 | D:10     | Reached skill level 10 in Dodging
 13507 | D:10     | Found a staircase to the Orcish Mines.
 13524 | D:10     | HP: 2/44 [spore (42)]
 13529 | D:10     | Killed from afar by an orc priest

Illustrated notes

Levels and vault maps discovered:
D:1:      elethiomel_arrival_infinity_welcomes_careful_drivers,
          layout_loops_ring, shapermc_ecumenical_altar_totnotflames,
          chequers_serial_rivers_large_a
D:2:      cheibrodos_fertilizer, layout_loops_ring, basic_altar,
          chequers_serial_rivers_micro_c, minmay_joined_circles
D:3:      layout_loops_cross, vehumet_altar_wand_db,
          mainiacjoe_overflow_concentric_impassable,
          gammafunk_ghost_nasty_kobolds
D:4:      layout_cave_pods, fedhas_altar_4, kennysheep_mini_moat,
          mainiacjoe_overflow_catwalk, kennysheep_small_square
D:5:      layout_loops_ring, uniq_eustachio
D:6:      layout_basic, nicolae_dithmenos_shadow_blocks,
          minmay_temple_entry_junction_2, supply_closet_lemuel
D:7:      layout_cave_pools, nemelex_diamond_rough_becter, serial_shops, shop
D:8:      layout_gridville, general_overflow_altar,
          nicolae_elyvilon_temple_path, nicolae_stop_n_shop_1,
          nicolae_transmutations_shop, uniq_grum, uniq_maggie
D:9:      layout_roguey, lair_entry_dummy
D:10:     layout_rooms, lemuel_round_altar, zombieorc2_lemuel,
          hangedman_decor_growths, lemuel_another_geyser
Temple:   minmay_temple_bridge_abc

Skill      XL: |  1  2  3  4  5  6  7  8  9 10 |
---------------+-------------------------------+-----
Dodging        | 3 4 5 6 8 9 10 | 10.1
Hexes          | 4 5 6 7 9 |  9.8
Short Blades   | 2 3 4 5 |  5.6
Stealth        | 5 6 7 8 10 11 12 | 12.5
Conjurations   | 2 3 4 |  4.0
Armour         | 2 3 |  3.4
Spellcasting   | |  2.6

Action                   |  1- 3 |  4- 6 |  7- 9 | 10-12 || total
-------------------------+-------+-------+-------+-------++-------
Melee: Dagger            |   148 |   148 |   276 |   272 ||   844
 Cast: Ensorcelled Hiber |     7 |    23 |    56 |    10 ||    96
       Tukima's Dance    |       |       |     2 |       ||     2
       Shock             |       |       |    13 |    37 ||    50
       Dazzling Flash    |       |       |     1 |     4 ||     5
  Use: Scroll            |       |     9 |     4 |     3 ||    16
       Potion            |       |       |     2 |     3 ||     5
 Stab: Sleeping          |    24 |    26 |    50 |     9 ||   109
       Distracted        |       |     1 |       |       ||     1
       Invisible         |       |       |     1 |       ||     1
Armor: Robe              |    12 |    10 |     7 |       ||    29
       Steam dragon scal |       |       |    17 |    12 ||    29
       Troll leather arm |       |       |       |    24 ||    24
Dodge: Dodged            |   114 |   117 |   325 |   286 ||   842
Block: Other             |       |       |    56 |    55 ||   111
       Reflection        |       |       |     1 |     2 ||     3

Table legend: (Time is in decaauts)
 A = Elapsed time spent in this place.
 B = Non-inter-level travel time spent in this place.
 C = Inter-level travel time spent in this place.
 D = Time resting spent in this place.
 E = Time spent auto-exploring this place.
 F = Levels seen in this place.
 G = Mean time per level.
                   A        B        C        D        E       F      G
               +--------+--------+--------+--------+--------+-----+--------+
         Total |  10686 |  10443 |    243 |   5001 |   3465 |  11 |  971.5 |
       Dungeon |  10543 |  10323 |    220 |   4994 |   3374 |  10 | 1054.3 |
        Temple |    143 |    121 |     22 |      7 |     90 |   1 |  143.0 |
               +--------+--------+--------+--------+--------+-----+--------+

Top non-repeatable levels by time:
     D:2: 2159 daAuts
     D:8: 1599 daAuts
     D:9: 1413 daAuts
     D:1: 1356 daAuts
     D:5: 1098 daAuts
     D:7: 715 daAuts
     D:4: 706 daAuts
     D:6: 569 daAuts
     D:3: 524 daAuts
    D:10: 401 daAuts
  Temple: 143 daAuts
